 Dungeon Crawl Stone Soup version 0.31.0-12-g77e489cdc1 (webtiles) character file.

Game seed: 12312428797570965808

6255 spaghetti the Grappler (level 10, -1/92 HPs)
             Began as an Oni Chaos Knight on Feb 26, 2024.
             Was a Plaything of Xom.
             Slain by Erica
             ... wielding a +2 scimitar of flaming
              (14 damage)
             ... on level 1 of the Lair of Beasts.
             The game lasted 00:13:02 (9508 turns).

spaghetti the Grappler (Oni Chaos Knight)           Turns: 9508, Time: 00:13:02

Health: -1/92      AC: 12    Str: 22    XL:     10   Next: 93%
Magic:  19/19      EV:  9    Int: 13    God:    Xom [......]
Gold:   542        SH:  0    Dex:  8    Spells: 9/9 levels left

rFire   . .          .
                       - Unarmed
rCold   + . .        (no shield)
rNeg    . . .        a - +2 robe
rPois   .            (helmet restricted)
rElec   .            i - +2 cloak
rCorr   .            (gloves unavailable)
SInv    .            (boots unavailable)
Will    +....        (no amulet) Stlth
                     g - ring of protection from cold
HPRegen 0.35/turn    p - ring of magical power
MPRegen 0.16/turn

%: clarity
@: silenced
A: large, unfitting armour, horns 1, tough skin 1, double potion healing,
drunken brawling, iridescent scales 2, clarity, wild magic 1, inability to drink
after injury 1
a: Renounce Religion


You were on level 1 of the Lair of Beasts.
You worshipped Xom.
You were a very special plaything of Xom.
You visited 2 branches of the dungeon, and saw 10 of its levels.

You collected 542 gold pieces.

Inventory:

Hand Weapons
 m - the +7 whip "Caicau" {flame, *Noise rElec Str+4}
   (You found it on level 3 of the Dungeon)

   Str+4:     It affects your strength (+4).
   rElec:     It insulates you from electricity.
   *Noise:    It may make a loud noise when swung.
Armour
 a - a +2 robe (worn)
 i - a +2 cloak (worn)
Jewellery
 c - a ring of willpower
 g - a ring of protection from cold (left hand)
 p - a ring of magical power (right hand)
 r - a ring of fire
Talismans
 o - a blade talisman
Wands
 k - a wand of iceblast (8)
Scrolls
 b - 2 scrolls of butterflies
 e - 4 scrolls of amnesia
 h - 2 scrolls of enchant weapon
 l - a scroll of acquirement
 n - a scroll of identify
 y - a scroll of enchant armour
Potions
 d - 2 potions of degeneration
 s - a potion of attraction
 v - a potion of cancellation
 x - a potion of mutation


   Skills:
 - Level 4.0 Fighting
 - Level 2.1 Dodging
 + Level 14.8 Unarmed Combat


You had 9 spell levels left.
You didn't know any spells.
Your spell library contained the following spells:

 Spells                   Type           Power      Damage    Failure   Level
 Magic Dart               Conj           0%         1d3       38%         1
 Sandblast                Erth           0%         2d4       38%         1
 Mercury Vapours          Alch/Air       0%         N/A       52%         2
 Searing Ray              Conj           0%         2d4       52%         2
 Static Discharge         Conj/Air       0%         3-3/arc   52%         2
 Mephitic Cloud           Conj/Alch/Air  0%         N/A       75%         3
 Passwall                 Erth           0%         N/A       75%         3
 Stone Arrow              Conj/Erth      0%         3d7       75%         3
 Airstrike                Air            0%         2d(0-16)  98%         4
 Brom's Barrelling Bould  Conj/Erth      0%         2d3       98%         4
 Fulminant Prism          Conj/Alch      0%         3d5       98%         4
 Summon Lightning Spire   Summ/Air       0%         N/A       98%         4
 Freezing Cloud           Conj/Ice/Air   0%         6-21      100%        5


Dungeon Overview and Level Annotations

Branches:
Dungeon (9/15)             Temple (0/1) D:6            Lair (1/5) D:8
    Orc: D:9-12

Altars:
Cheibriados
Elyvilon
Fedhas
Makhleb
Qazlal
Sif Muna
Trog
Uskayaw
Xom
Yredelemnul
Zin

Annotations:
D:5 2 runed translucent doors, Zeo's ghost, novice BaHu
Lair:1 Erica


Innate Abilities, Weirdness & Mutations

You are too large for most types of armour.
You have a pair of small horns on your head.
You have tough skin. (AC +1)
You gain doubled healing and magic from potions.
Whenever you drink a healing potion, you attack all around you.
You are mostly covered in iridescent scales. (AC +4)
You possess an exceptional clarity of mind.
Your spells are a little harder to cast, but a little more powerful.
You occasionally lose the ability to drink potions when taking damage.


Message History

You hit the wyvern but do no damage. You headbutt the wyvern.
You kill the wyvern!
You see here a potion of heal wounds.
Something tries to affect you, but you resist.
The blink frog croaks.
You hear a loud, deep croak!
You hit the blink frog but do no damage.
You headbutt the blink frog!
The blink frog is moderately wounded.
The blink frog hits you.
The blink frog blinks!
There are monsters nearby!
Okay, then.
Aiming: Iceblast
Press: ? - help, Shift-Dir - straight line, f - blink frog
Aim: a blink frog (moderately wounded)
The mass of ice explodes!
The iceblast engulfs the blink frog!
The blink frog is severely wounded.
You hear a loud, deep croak! x2; You hear a bellow!
The blink frog hits you!
Unknown command.
You hit the blink frog but do no damage.
The blink frog is severely wounded.
The blink frog hits you!
The blink frog blinks!
Unknown command.
Something tries to affect you, but you resist.
The blink frog blinks!
Okay, then.
Okay, then.
As you read the scroll of silence, it crumbles to dust.
A profound silence engulfs you.
You hit something but do no damage. Your headbutt misses something.
Your punch misses something. Something hits you!
* * * LOW HITPOINT WARNING * * *
Something burns you.
* * * LOW HITPOINT WARNING * * *
The blink frog blinks!
Something hits you.
* * * LOW HITPOINT WARNING * * *
Something burns you.
* * * LOW HITPOINT WARNING * * *
Something hits you!
You die...

.# #.......#.#.. ..#
##.!†...## # # #.#
#......## ..#
##.....## #.P
##!......#
##...##....# ## #
#....###....# ..P#.
##....## #...#
......####.@....# #...
........#.......# #..
.....F.......##...#
##............#.#....#
#............F##.#...#
##.# #.............#
###...# ..#
##......#####... ....
..##### #.....## #....
... ....... .....##
##.... #...P..


You could see a blink frog (unsilenced).

Vanquished Creatures
  2 death yaks
  A cane toad (Lair:1)
  A komodo dragon (Lair:1)
  A kobold demonologist (D:9)
  A hornet (D:9)
  Sigmund (D:2)
  A wyvern (Lair:1)
  3 yaks
  Menkaure (D:5)
  2 water moccasins
  An ice beast (D:5)
  3 ogres
  A centaur (D:7)
  A phantom (D:7)
  2 scorpions (D:5)
  6 bullfrogs
  A wight (D:7)
  2 bombardier beetles
  3 jellies
  2 orc priests (D:8)
  Crazy Yiuf (D:2)
  2 gnoll boudas
  A sleepcap (D:8)
  Jessica (D:2)
  4 iguanas
  Ijyb (D:3)
  Natasha (twice) (D:3)
  6 orc wizards
  9 gnolls
  9 adders
  A shadow imp (D:7)
  2 white imps (D:6)
  2 ufetubi (D:7)
  2 ribbon worms (D:3)
  A dart slug (D:4)
  23 orcs
  4 ball pythons
  10 endoplasms
  5 giant cockroaches
  2 goblins
  5 hobgoblins
  7 jackals
  4 kobolds
  4 quokkas
  4 bats
  6 frilled lizards
  5 rats
159 creatures vanquished.

Vanquished Creatures (collateral kills)
  A kobold demonologist (D:9)
  5 yaks (D:9)
  A water moccasin (Lair:1)
  An iguana (D:6)
  3 kobolds (D:9)
11 creatures vanquished.

Vanquished Creatures (others)
  A killer bee (D:9)
1 creature vanquished.

Grand Total: 171 creatures vanquished

Notes
Turn   | Place    | Note
-------+----------+-------------------------------------------
     0 | D:1      | spaghetti the Oni Chaos Knight began the quest for the Orb.
     0 | D:1      | Reached XP level 1. HP: 24/24 MP: 1/1
    74 | D:1      | Reached skill level 3 in Unarmed Combat
    87 | D:1      | Reached XP level 2. HP: 30/32 MP: 2/2
   375 | D:1      | XOM: silly message
   605 | D:1      | XOM: potion effect (berserk rage)
   609 | D:1      | Reached XP level 3. HP: 39/39 MP: 3/3
   823 | D:2      | Reached skill level 4 in Unarmed Combat
   946 | D:2      | Noticed Jessica
   964 | D:2      | Gained mutation: You have large cloven feet. [potion of
                  | mutation]
   964 | D:2      | Lost mutation: You have large cloven feet. [potion of
                  | mutation]
   964 | D:2      | Gained mutation: Your spells are a little harder to cast,
                  | but a little more powerful. [potion of mutation]
  1102 | D:2      | Killed Jessica
  1103 | D:2      | Reached XP level 4. HP: 32/48 MP: 4/4
  1245 | D:2      | Noticed Sigmund
  1256 | D:2      | Killed Sigmund
  1257 | D:2      | Reached skill level 6 in Unarmed Combat
  1257 | D:2      | Reached XP level 5. HP: 21/54 MP: 5/5
  1257 | D:2      | Reached XP level 6. HP: 24/62 MP: 6/6
  1390 | D:2      | You fall into a shaft and drop 2 floors!
  1550 | D:4      | XOM: potion effect (brilliance)
  1554 | D:4      | XOM: butterfly on damage
  1563 | D:3      | Found a stormy altar of Qazlal.
  1663 | D:3      | Found a faded altar of an unknown god.
  1820 | D:4      | XOM: divination: detect items
  2559 | D:3      | Noticed Ijyb
  2571 | D:3      | Killed Ijyb
  2572 | D:3      | Reached skill level 7 in Unarmed Combat
  2572 | D:3      | Reached XP level 7. HP: 42/70 MP: 7/7
  2703 | D:3      | Identified the +7 whip "Caicau" {flame, *Noise rElec Str+4}
  2740 | D:3      | XOM: silly message
  3203 | D:3      | Identified a scroll of acquirement
  3206 | D:3      | Noticed Natasha
  3228 | D:3      | XOM: silly message
  3230 | D:3      | Killed Natasha
  3752 | D:3      | Noticed Natasha
  3759 | D:3      | Killed Natasha
  3835 | D:2      | XOM: 1-stop teleportation journey
  4203 | D:2      | Found a burning altar of Makhleb.
  4343 | D:2      | Found a runed translucent door.
  4344 | D:2      | Noticed Crazy Yiuf
  4410 | D:2      | XOM: divination: detect creatures
  4452 | D:2      | Killed Crazy Yiuf
  4500 | D:2      | XOM: silly message
  4628 | D:5      | Entered Level 5 of the Dungeon
  4636 | D:5      | Reached skill level 8 in Unarmed Combat
  4733 | D:5      | Found a basalt altar of Yredelemnul.
  4823 | D:5      | XOM: silly message
  4835 | D:5      | Reached XP level 8. HP: 68/78 MP: 8/8
  4920 | D:5      | XOM: polymorph jelly -> giant cockroach
  4929 | D:5      | Found a large runed translucent door.
  4929 | D:5      | Found a large runed translucent door.
  5028 | D:5      | Noticed Zeo's ghost (novice BaHu)
  5050 | D:5      | Found a bloodstained altar of Trog.
  5124 | D:5      | Found a blossoming altar of Fedhas.
  5179 | D:5      | XOM: scenery: summon butterflies
  5204 | D:5      | Reached skill level 9 in Unarmed Combat
  5255 | D:5      | Found a shimmering blue altar of Sif Muna.
  5260 | D:5      | Found a burning altar of Makhleb.
  5260 | D:5      | Found a white marble altar of Elyvilon.
  5278 | D:5      | XOM: 1-stop teleportation journey
  5313 | D:5      | XOM: god gift: 60 gold pieces
  5326 | D:5      | Identified the +0 ring mail of Tomorrow {rF- rN++ SInv}
  5339 | D:5      | Noticed Menkaure
  5344 | D:5      | Killed Menkaure
  5379 | D:5      | XOM: give mutations
  5379 | D:5      | Gained mutation: You have supernaturally acute eyesight.
                  | (SInv) [Xom's grace]
  5379 | D:5      | Gained mutation: You are partially covered in iridescent
                  | scales. (AC +2) [Xom's grace]
  5379 | D:5      | Gained mutation: You are strong-willed. (Will+) [Xom's
                  | grace]
  5452 | D:5      | Found a glowing silver altar of Zin.
  5491 | D:5      | XOM: give mutations
  5491 | D:5      | Lost mutation: You have supernaturally acute eyesight.
                  | (SInv) [Xom's mischief]
  5491 | D:5      | Gained mutation: You occasionally lose the ability to drink
                  | potions when taking damage. [Xom's mischief]
  5491 | D:5      | Lost mutation: You are strong-willed. (Will+) [Xom's
                  | mischief]
  5497 | D:5      | XOM: 4-stop teleportation journey
  5748 | D:5      | XOM: give mutations
  5748 | D:5      | Gained mutation: You have hidden genetic potential. [Xom's
                  | grace]
  5748 | D:5      | Gained mutation: You possess an exceptional clarity of
                  | mind. [Xom's grace]
  5748 | D:5      | Gained mutation: You are agile. (Dex +4, Str/Int -1) [Xom's
                  | grace]
  5796 | D:6      | Found a staircase to the Ecumenical Temple.
  5819 | D:6      | XOM: give mutations
  5819 | D:6      | Lost mutation: You possess an exceptional clarity of mind.
                  | [Xom's mischief]
  5819 | D:6      | Lost mutation: You are agile. (Dex +4, Str/Int -1) [Xom's
                  | mischief]
  5835 | D:6      | XOM: scenery: create altars
  5930 | D:6      | Found a snail-covered altar of Cheibriados.
  6059 | D:6      | XOM: cast spell 'Summon Horrible Things'
  6111 | D:6      | XOM: 4-stop teleportation journey
  6412 | D:6      | Reached skill level 10 in Unarmed Combat
  6883 | D:7      | Reached XP level 9. HP: 84/84 MP: 9/9
  7347 | D:7      | Reached skill level 11 in Unarmed Combat
  7360 | D:7      | Gained mutation: You are mostly covered in iridescent
                  | scales. (AC +4) [hidden potential]
  7851 | D:8      | Noticed a death yak
  7852 | D:8      | Noticed a death yak
  7852 | D:8      | Noticed a white ugly thing
  7853 | D:8      | Found a staircase to the Lair.
  7853 | D:8      | Noticed a death yak
  7855 | D:8      | XOM: smoke on damage
  7860 | D:8      | XOM: scenery: create altars
  7866 | D:9      | XOM: summons friendly iron imp
  7879 | D:9      | Killed a death yak
  7880 | D:9      | Reached skill level 12 in Unarmed Combat
  8009 | D:9      | Noticed a hornet
  8019 | D:9      | XOM: cast spell 'Metabolic Englaciation'
  8036 | D:9      | Reached XP level 10. HP: 79/92 MP: 10/10
  8041 | D:9      | Reached skill level 13 in Unarmed Combat
  8043 | D:9      | Paralysed by a hornet for 1 turns
  8051 | D:9      | Gained mutation: You possess an exceptional clarity of
                  | mind. [hidden potential]
  8051 | D:9      | Lost mutation: You have hidden genetic potential. [hidden
                  | potential expressed]
  8125 | D:9      | XOM: god gift: scroll of amnesia
  8299 | D:9      | XOM: 1-stop teleportation journey
  8300 | D:9      | Noticed a kobold demonologist
  8301 | D:9      | XOM: confuse monster(s)
  8303 | D:9      | XOM: fake destruction
  8307 | D:9      | Killed a kobold demonologist
  8307 | D:9      | Noticed a kobold demonologist
  8310 | D:9      | XOM: summons 5 friendly demons
  8313 | D:9      | Noticed a soul eater
  8314 | D:9      | Killed a kobold demonologist
  8324 | D:9      | Found a hide-covered altar of Uskayaw.
  8332 | D:8      | Paralysed by a hornet for 2 turns
  8566 | D:8      | XOM: polymorph orc wizard -> jackal
  8588 | D:8      | XOM: summons friendly quasit
  8591 | D:8      | XOM: confuse monster(s)
  8595 | D:8      | Killed a death yak
  8596 | D:8      | Reached skill level 14 in Unarmed Combat
  8655 | D:8      | XOM: enchant monster (good)
  8984 | Lair:1   | Entered Level 1 of the Lair of Beasts
  9105 | Lair:1   | XOM: 1-stop teleportation journey
  9207 | Lair:1   | Noticed a cane toad
  9211 | Lair:1   | XOM: summons friendly quasit
  9215 | Lair:1   | Killed a cane toad
  9276 | Lair:1   | XOM: polymorph quasit -> white imp
  9311 | Lair:1   | Noticed Erica
  9311 | Lair:1   | XOM: 5-stop teleportation journey
  9321 | Lair:1   | Noticed a cane toad
  9325 | Lair:1   | a cane toad changed into a glowing shapeshifter
  9325 | Lair:1   | Noticed a glowing shapeshifter (glowing shapeshifter)
  9325 | Lair:1   | XOM: polymorph cane toad -> glowing shapeshifter
  9325 | Lair:1   | a glowing shapeshifter changed into an entropy weaver
  9325 | Lair:1   | Noticed an entropy weaver (glowing shapeshifter)
  9327 | Lair:1   | an entropy weaver changed into a crocodile
  9335 | Lair:1   | XOM: 2-stop teleportation journey
  9461 | Lair:1   | XOM: summons 6 hostile demons
  9462 | Lair:1   | Noticed a soul eater
  9462 | Lair:1   | XOM: 1-stop teleportation journey
  9483 | Lair:1   | XOM: noise
  9508 | Lair:1   | Slain by Erica

Illustrated notes

Levels and vault maps discovered:
D:1:      amcnicky_arrival_underground_garden, layout_loops_cross, st_stairs_3
D:2:      layout_basic, basic_altar, chequers_serial_rivers_micro_b,
          uniq_sigmund, uniq_jessica, uniq_crazy_yiuf_cottage
D:3:      layout_basic, nicolae_overflow_ecumenical_swirl, uniq_natasha,
          uniq_ijyb
D:4:      layout_loops_ring, minmay_crystal_water
D:5:      layout_loops_ring, mainiacjoe_overflow_alcove_4,
          yredelemnul_altar_generic, kennysheep_little_box,
          grunt_temple_overflow_open, zin_scriptorium,
          ebering_ghost_disaster_area, uniq_menkaure
D:6:      layout_basic, cheibriados_altar_1,
          minmay_temple_entry_statues_fountains, kennysheep_generic_room_8
D:7:      layout_basic
D:8:      layout_basic, dpeg_lair_monsters
D:9:      layout_roguey, okawaru_metal_pillars_3,
          mainiacjoe_overflow_tiny_flanked, mainiacjoe_overflow_small_starburst,
          nicolae_lava_and_water, minmay_circle_x
Lair:1:   layout_layer_cave, uniq_erica

Skill      XL: |  1  2  3  4  5  6  7  8  9 10 |
---------------+-------------------------------+-----
Unarmed Combat | 3 4 6 7 8 10 12 14 | 14.8
Fighting       | |  4.0
Dodging        | |  2.1

Action                     |  1- 3 |  4- 6 |  7- 9 | 10-12 || total
---------------------------+-------+-------+-------+-------++-------
  Melee: Unarmed           |   102 |    63 |   330 |   107 ||   602
         Headbutt          |    10 |     9 |    47 |    20 ||    86
         Punch             |     2 |     1 |    13 |     8 ||    24
  Throw: Throwing net      |       |       |     1 |     1 ||     2
  Evoke: Wand              |       |       |     3 |     7 ||    10
    Use: Scroll            |     1 |     4 |     7 |     8 ||    20
         Potion            |     1 |       |     9 |     2 ||    12
   Stab: Betrayed ally     |       |       |     1 |       ||     1
         Sleeping          |       |       |       |     1 ||     1
 Armour: Robe              |    58 |    46 |   187 |   103 ||   394
         Skin              |       |       |    30 |       ||    30
  Dodge: Dodged            |    48 |    21 |   146 |    38 ||   253
